AoeStats
← 大王同学

QS Arena

503598872Analyzed
4v4 RM · 1mo ago on Sep 1, 2026· 50m 11s· 8 players
Game mode
Random Map
Map size
Large (8 player)
Population
200
Speed
Normal
Resources
Standard
Victory
Conquest
Starting age
Dark Age
Ending age
Imperial Age
RankedLock teamsTeams togetherTeam positionsShared explorationLock speedFull tech treeHidden civsTurbo modeCheats
Victory
Defeat
🇦🇷 Italians · Argentina
1360
+13
🇨🇳 Persians · China
1324
+15
🇭🇰 Jurchens · Hong Kong SAR China
1275
+17
🇨🇳 Vietnamese · China
1246
+18
🇹🇼 Ethiopians · Taiwan
1344
-18
🇹🇼 Slavs · Taiwan
1334
-18
🇨🇳 Khmer · China
1282
-15
🇹🇼 Turks · Taiwan
1237
-13
cgan13289
8:17 Feudal Age
9:41 Loom
11:58 Castle Age
10:17 Double-Bit Axe
12:35 Scale Barding Armor
13:49 Gold Mining
15:50 Chain Barding Armor
17:30 Fortified Wall
17:12 Loom
18:29 Bow Saw
21:15 Wheelbarrow
20:26 Town Watch
26:29 Town Watch
29:33 Horse Collar
34:56 Hand Cart
38:16 Gold Shaft Mining
41:17 Imperial Age
39:37 Town Patrol
39:46 Fletching
40:32 Bodkin Arrow
40:09 Crossbowman
40:59 Thumb Ring
41:25 Arbalester
43:18 Chemistry
43:38 Bracer
44:40 Ballistics
46:01 Padded Archer Armor
47:38 Two-Man Saw
47:18 Leather Archer Armor
47:59 Heavy Plow
Seol Yoona
8:15 Feudal Age
12:09 Castle Age
9:54 Horse Collar
13:04 Double-Bit Axe
18:27 Loom
32:26 Heavy Plow
36:58 Imperial Age
38:15 Wheelbarrow
37:41 Stone Mining
37:43 Gold Mining
40:05 Gold Shaft Mining
44:38 Gold Shaft Mining
MinatoRen
7:58 Feudal Age
12:09 Castle Age
11:02 Double-Bit Axe
11:00 Horse Collar
13:03 Bow Saw
19:37 Wheelbarrow
21:08 Heavy Plow
21:49 Gold Mining
26:14 Imperial Age
23:33 Loom
24:05 Hand Cart
25:21 Gold Shaft Mining
24:37 Pikeman
26:33 Fortified Wall
26:31 Scale Mail Armor
26:41 Forging
26:15 Man-at-Arms
26:20 Capped Ram
27:33 Scale Barding Armor
27:02 Long Swordsman
27:43 Squires
28:04 Chain Mail Armor
28:15 Conscription
27:45 Halberdier
27:45 Two-Handed Swordsman
29:05 Iron Casting
29:12 Druzhina
29:07 Champion
30:20 Chain Barding Armor
30:32 Plate Mail Armor
32:17 Blast Furnace
30:59 Capped Ram
32:16 Siege Ram
32:57 Stone Mining
34:11 Two-Man Saw
37:04 Onager
38:38 Siege Onager
41:07 Masonry
42:40 Fletching
42:31 Siege Onager
huiyun501
7:56 Feudal Age
10:44 Castle Age
9:54 Double-Bit Axe
9:56 Horse Collar
20:16 Wheelbarrow
19:28 Loom
21:11 Husbandry
21:22 Bloodlines
21:55 Scale Barding Armor
24:56 Hand Cart
24:40 Light Cavalry
28:03 Imperial Age
30:20 Chain Barding Armor
30:11 Forging
30:10 Capped Ram
30:47 Elite Battle Elephant
32:04 Plate Barding Armor
31:13 Siege Ram
32:31 Iron Casting
31:52 Heavy Scorpion
32:29 Pikeman
33:19 Halberdier
35:00 Scale Mail Armor
35:29 Ballistics
36:09 Chemistry
36:33 Chain Mail Armor
37:29 Blast Furnace
36:48 Bow Saw
36:42 Heavy Plow
39:24 Hussar
41:56 Siege Engineers
41:14 Elite Ballista Elephant
42:18 Conscription
46:59 Double Crossbow
小传奇
8:31 Feudal Age
12:13 Castle Age
10:49 Double-Bit Axe
10:46 Horse Collar
14:54 Bow Saw
19:48 Wheelbarrow
21:49 Heavy Plow
21:42 Stone Mining
23:56 Hand Cart
23:38 Gold Mining
24:19 Loom
24:20 Town Watch
26:21 Gold Shaft Mining
26:21 Stone Shaft Mining
28:42 Imperial Age
26:24 Scale Barding Armor
26:29 Forging
27:37 Chain Barding Armor
28:56 Iron Casting
29:06 Bloodlines
28:56 Husbandry
29:36 Plate Barding Armor
28:23 Elite War Elephant
29:51 Crop Rotation
30:32 Two-Man Saw
30:22 Conscription
32:23 Blast Furnace
35:54 Coinage
35:24 Caravan
37:11 Banking
37:11 Devotion
40:42 Caravan
mengxing
9:30 Feudal Age
10:25 Double-Bit Axe
13:18 Castle Age
12:50 Horse Collar
15:21 Loom
18:51 Imperial Age
17:11 Fletching
18:39 Bodkin Arrow
19:11 Gold Mining
20:55 Bow Saw
21:02 Bracer
23:16 Wheelbarrow
22:55 Bow Saw
24:08 Padded Archer Armor
25:38 Ballistics
27:36 Chemistry
26:52 Leather Archer Armor
32:04 Heavy Plow
38:49 Pirotechnia
40:07 Ring Archer Armor
39:34 Stone Mining
40:36 Guilds
40:54 Conscription
41:51 Coinage
大王同学
8:56 Feudal Age
12:37 Castle Age
10:48 Double-Bit Axe
11:06 Gold Mining
11:16 Horse Collar
11:49 Loom
14:49 Bow Saw
16:44 Town Watch
18:17 Sanctity
22:28 Stone Mining
31:54 Fortified Wall
34:53 Wheelbarrow
35:07 Gold Shaft Mining
38:00 Heavy Plow
39:25 Stone Shaft Mining
42:09 Imperial Age
40:39 Hand Cart
41:27 Ballistics
41:33 Padded Archer Armor
43:07 Leather Archer Armor
43:01 Fletching
45:01 Ring Archer Armor
47:41 Two-Man Saw
小离爱吃糖
8:32 Feudal Age
12:06 Double-Bit Axe
12:16 Stone Mining
14:46 Castle Age
14:22 Horse Collar
17:41 Bow Saw
22:41 Heavy Plow
22:50 Gold Mining
23:51 Wheelbarrow
23:01 Loom
24:47 Bloodlines
25:05 Husbandry
25:15 Scale Barding Armor
25:21 Forging
28:42 Imperial Age
27:17 Chain Barding Armor
29:15 Hand Cart
30:28 Elite Battle Elephant
31:48 Plate Barding Armor
32:41 Iron Casting
33:21 Two-Man Saw
33:28 Stone Shaft Mining
36:10 Padded Archer Armor
36:01 Fletching
38:17 Leather Archer Armor
37:57 Bodkin Arrow
38:03 Elite Rattan Archer
40:59 Herbal Medicine
42:09 Ring Archer Armor
41:40 Bracer
41:49 Thumb Ring
42:45 Paper Money
42:30 Chatras
43:08 Hoardings
43:39 Chemistry
43:00 Ballistics
42:46 Siege Engineers
42:38 Murder Holes
43:00 Caravan
Connection lost

Rejoining the realm…

Still unreachable

The connection could not be restored.

Session expired

The server has moved on; the page needs a fresh start.